 Dungeon Crawl Stone Soup version 0.26.1-11-gd32895ea62 (webtiles) character file.

Game seed: 3675116540037110903

49 Kukuleta the Ogre Mage (level 3, -1/36 HPs)
             Began as an Ogre Hedge Wizard on June 23, 2021.
             Slain by a rat (2 damage)
             ... on level 3 of the Dungeon.
             The game lasted 00:10:05 (2521 turns).

Kukuleta the Ogre Mage (Ogre Hedge Wizard)          Turns: 2521, Time: 00:10:07

Health: -1/36      AC:  3    Str: 15    XL:     3   Next: 77%
Magic:  7/8        EV: 10    Int: 15    God:
Gold:   95         SH:  0    Dex:  8    Spells: 9/10 levels left

rFire    . . .     SeeInvis .   i - +0 flail
rCold    . . .     Faith    .   (no shield)
rNeg     . . .     Spirit   .   b - +0 robe
rPois    .         Reflect  .   c - +0 hat
rElec    .         Harm     .   (no cloak)
rCorr    .         Rampage  .   (gloves unavailable)
Will     .....                  (boots unavailable)
Stlth    +.........             (no amulet)
HPRegen  0.12/turn              (no ring)
MPRegen  0.11/turn              (no ring)

@: no status effects
A: large, unfitting armour, tough skin 1
a: no special abilities


You were on level 3 of the Dungeon.
You visited 1 branch of the dungeon, and saw 3 of its levels.

You collected 95 gold pieces.

Inventory:

Hand Weapons
 a - a +0 dagger
 h - a +0 whip
 i - a +0 flail (weapon)
Armour
 b - a +0 robe (worn)
 c - a +0 hat (worn)
Scrolls
 d - 2 scrolls of remove curse {unknown}
 e - a scroll of teleportation {unknown}
 f - 2 scrolls of random uselessness {unknown}
 g - 2 scrolls of amnesia {unknown}
 j - 2 scrolls of identify {unknown}
 l - 2 scrolls of enchant armour {unknown}
 n - a scroll of immolation {unknown}
Potions
 k - a potion of berserk rage {unknown}
 m - a potion of cancellation {unknown}
 o - a potion of curing {unknown}


   Skills:
 * Level 2.9 Fighting
 + Level 0.2 Maces & Flails
 - Level 1.7 Dodging
 - Level 1.4 Stealth
 + Level 4.0 Spellcasting
 + Level 1.6 Conjurations
 - Level 0.8 Summonings
 - Level 0.8 Translocations


You had 9 spell levels left.
You knew the following spells:

 Your Spells              Type           Power        Failure   Level
a - Magic Dart            Conj           32%          9%          1

Your spell library contained the following spells:

 Spells                   Type           Power        Failure   Level
 Blink                    Tloc           N/A          19%         2
 Call Imp                 Summ           5%           19%         2
 Slow                     Hex            3%           26%         2
 Conjure Flame            Conj/Fire      5%           36%         3
 Mephitic Cloud           Conj/Pois/Air  4%           41%         3


Dungeon Overview and Level Annotations

Branches:
Dungeon (3/15)

Altars:
Makhleb
Okawaru

Annotations:
D:3 boben's ghost, weakling DsFi


Innate Abilities, Weirdness & Mutations

You are too large for most types of armour.
You have tough skin. (AC +1)


Message History

Confirm with . or Enter, or press ? or * to list all spells.
Aiming: Magic Dart (safe; 9% risk of failure)
Press: ? - help, Shift-Dir - straight line, f - rat
Aim: a rat (0% to evade)
The magic dart hits the rat.
The rat is heavily wounded.
The rat misses you. Boben's ghost barely misses you.
You hit boben's ghost.
Boben's ghost is almost destroyed.
The rat bites you.
* * * LOW HITPOINT WARNING * * *
Boben's ghost closely misses you.
You closely miss boben's ghost.
Boben's ghost is almost destroyed.
The rat barely misses you.
Boben's ghost lets out a mournful wail.
Boben's ghost hits you.
* * * LOW HITPOINT WARNING * * *
The rat bites you.
You die...

#. ## # # #
# #
###########
########
#...r@W...#
#......#
#...#######
#.####..
#....
#.####.#
#...
#...##.#
...
#.#.##.# ##
#.#....#
#......#
###.....
#.####


You could see boben's ghost and a rat.

Vanquished Creatures
  An adder (D:2)
  A dart slug (D:1)
  A leopard gecko (D:1)
  7 bats
  A giant cockroach (D:3)
  4 goblins
  4 hobgoblins
  2 jackals (D:1)
  A quokka (D:2)
  A ball python (D:1)
  3 frilled lizards
  5 kobolds
  6 rats
37 creatures vanquished.

Notes
Turn   | Place    | Note
-------+----------+-------------------------------------------
     0 | D:1      | Kukuleta the Ogre Hedge Wizard began the quest for the Orb.
     0 | D:1      | Reached XP level 1. HP: 16/16 MP: 5/5
    57 | D:1      | Reached skill level 1 in Conjurations
   178 | D:1      | Reached skill level 1 in Fighting
   475 | D:1      | Reached XP level 2. HP: 27/27 MP: 6/6
  1223 | D:1      | Reached XP level 3. HP: 36/36 MP: 5/8
  1703 | D:2      | Reached skill level 4 in Spellcasting
  1720 | D:2      | Found a burning altar of Makhleb.
  2157 | D:3      | Found an iron altar of Okawaru.
  2395 | D:3      | Found a large runed translucent door.
  2396 | D:3      | Found a large runed translucent door.
  2397 | D:3      | Noticed boben's ghost (weakling DsFi)
  2521 | D:3      | HP: 1/36 [boben's ghost (1)]
  2521 | D:3      | Slain by a rat

Illustrated notes

Levels and vault maps discovered:
D:1:      dpeg_arrival_court, layout_rooms
D:2:      minmay_wonky_spiral, layout_loops_ring, bloody_makhleb
D:3:      layout_loops_cross, lemuel_doored_altar, old_standard_altar,
          cheibrodos_sewer_entry_bend, ebering_ghost_disaster_area,
          kennysheep_generic_room_4

Skill      XL: |  1  2  3 |
---------------+----------+-----
Conjurations   | 1 |  1.6
Fighting       | 1 2 |  2.9
Spellcasting   | 4 |  4.0
Maces & Flails | |  0.2
Dodging        | |  1.7
Stealth        | |  1.4
Summonings     | |  0.8
Translocations | |  0.8

Action                   || total
-------------------------++-------
Melee: Dagger            ||    56
       Whip              ||    27
       Flail             ||    33
 Cast: Magic Dart        ||    42
 Stab: Sleeping          ||     1
Armor: Robe              ||    36
Dodge: Dodged            ||    60
